 Dungeon Crawl Stone Soup version 0.17.0-28-g6e173f8 (webtiles) character file.

22160 xeno23 the Zephyrmancer (level 12, -3/96 HPs)
             Began as a Demigod Air Elementalist on Nov 26, 2015.
             Slain by a black mamba (4 damage)
             ... on level 4 of the Lair of Beasts.
             The game lasted 01:33:35 (16615 turns).

xeno23 the Zephyrmancer (Demigod Air Elementalist) Turns: 16615, Time: 01:33:35

Health: -3/96      AC:  9    Str: 17    XL:     12   Next: 29%
Magic:  3/21       EV: 18    Int: 21    God:
Gold:   1303       SH:  0    Dex: 16    Spells: 5 memorised, 6 levels left

rFire  + . .     SeeInvis .     e - +4 long sword
rCold  + . .     Clarity  .     j - +1 leather armour {rF+}
rNeg   . . .     SustAt   +     (no shield)
rPois  .         Gourm    .     (no helmet)
rElec  .         Spirit   .     C - +0 cloak
rCorr  .         Warding  .     V - +2 pair of gloves
rMut   .         Rnd*Tele +     (no boots)
MR     +....                    (no amulet)
Stlth  ++........               B - ring of protection from cold
                                t - +3 ring of evasion

@: lethally poisoned (-3 -> -20), swift, slowed, repel missiles, slow, somewhat
resistant to hostile enchantments, unstealthy
A: hooves 1, high mp 1, teleportitis 1, wild magic 1, sustain attributes
a: no special abilities


You were on level 4 of the Lair of Beasts.
You were hungry.

You visited 3 branches of the dungeon, and saw 15 of its levels.
You also visited: Ice Cave.

You collected 1453 gold pieces.
You spent 150 gold pieces at shops.

Inventory:

Hand Weapons
 e - a +4 long sword (weapon)
 q - a +0 blowgun
 L - a +0 demon trident
Missiles
 y - 27 poisoned needles
 Q - a curare-tipped needle
Armour
 j - a +1 leather armour of fire resistance (worn)
 C - a +0 cloak (worn)
 V - a +2 pair of gloves (worn)
Jewellery
 t - a +3 ring of evasion (left hand)
 B - a ring of protection from cold (right hand)
 E - an uncursed ring of magical power
 R - an uncursed ring of poison resistance
 S - an uncursed ring of protection from magic
 T - the ring of Xixiph {-Tele +Inv rPois Dex-4 SInv}
   (You found it in an ice cave)

   [ring of see invisible]

   It affects your dexterity (-4).
   It protects you from poison.
   It lets you see invisible.
   It lets you turn invisible.
   It prevents most forms of teleportation.
Wands
 h - a wand of enslavement (18)
 w - a wand of draining (6)
 A - a wand of flame (28)
 J - a wand of slowing (37)
Scrolls
 a - 2 scrolls of fear
 g - 3 scrolls of remove curse
 k - 3 scrolls of blinking
 n - a scroll of identify
 o - a scroll of fog
 v - a scroll of magic mapping
 D - 2 scrolls of amnesia
 K - 2 scrolls of recharging
Potions
 d - a potion of cancellation {unknown}
 i - a potion of lignification
 l - 2 potions of agility
 m - 3 potions of brilliance
 p - 6 potions of curing
 r - 5 potions of might
 u - 4 potions of magic
 x - 2 potions of flight
 H - 2 potions of invisibility {unknown}
 M - a potion of resistance {unknown}
 N - 2 potions of haste {unknown}
 O - 2 potions of cure mutation {unknown}
 P - a potion of beneficial mutation {unknown}
 U - 2 potions of poison {unknown}
Books
 b - a book of Air

   Spells                             Type                      Level
   a - Shock                          Conjuration/Air              1
   b - Swiftness                      Charms/Air                   2
   c - Repel Missiles                 Charms/Air                   2
   d - Static Discharge               Conjuration/Air              3
   e - Lightning Bolt                 Conjuration/Air              5
 I - a book of the Sky

   Spells                             Type                      Level
   a - Summon Lightning Spire         Summoning/Air                4
   b - Airstrike                      Air                          4
   c - Silence                        Hexes/Air                    5
   d - Deflect Missiles               Charms/Air                   6
   e - Conjure Ball Lightning         Conjuration/Air              6
   f - Tornado                        Air                          9
 W - a book of the Tempests

   Spells                             Type                      Level
   a - Static Discharge               Conjuration/Air              3
   b - Lightning Bolt                 Conjuration/Air              5
   c - Fireball                       Conjuration/Fire             5
   d - Tornado                        Air                          9
   e - Shatter                        Earth                        9
Comestibles
 c - 6 bread rations
 s - 8 fruits
 z - 5 meat rations
 G - 2 beef jerkies


   Skills:
 - Level 6.0 Fighting
 - Level 6.3 Long Blades
 - Level 5.9 Armour
 - Level 6.2 Dodging
 - Level 1.7 Stealth
 - Level 4.0 Spellcasting
 + Level 10.3 Conjurations
 - Level 2.0 Charms
 + Level 10.7 Air Magic


You had 6 spell levels left.
You knew the following spells:

 Your Spells              Type           Power        Failure   Level  Hunger
a - Shock                 Conj/Air       ####         1%          1    None
b - Swiftness             Chrm/Air       #####...     5%          2    #......
e - Lightning Bolt        Conj/Air       ######....   13%         5    ######.
q - Static Discharge      Conj/Air       ######..     3%          3    ###....
r - Repel Missiles        Chrm/Air       #####.       5%          2    #......


Dungeon Overview and Level Annotations

Branches:
Dungeon (10/15)            Temple (1/1) D:5            Lair (4/8) D:10
  Swamp: Lair:3-6    Shoals: Lair:3-6     Snake: Lair:3-6    Spider: Lair:3-6
    Orc: D:9-12

Shops:
D:4 ?

Annotations:
D:5 septik's ghost, novice GrFi


Innate Abilities, Weirdness & Mutations

You have an increased reservoir of magic (+10% MP).
Your attributes are resistant to harm.
You have large cloven feet.
You are occasionally teleported to nearby monsters.
Your spells are a little harder to cast, but a little more powerful.


Message History

You feel very sick. The black mamba bites you!
* * * LOW HITPOINT WARNING * * *
The guardian serpent misses you. The black mamba bites you.
* * * LOW HITPOINT WARNING * * *
The black mamba barely misses you. The guardian serpent hits you!
* * * LOW HITPOINT WARNING * * *
You take 4 damage.
Drink which item? (? for menu, Esc to quit)
You feel much better.
* * * LOW HITPOINT WARNING * * *
You feel very sick. The black mamba bites you!
* * * LOW HITPOINT WARNING * * *
The guardian serpent hits you.
* * * LOW HITPOINT WARNING * * *
The black mamba misses you.
The guardian serpent hits you but does no damage.
The black mamba bites you.
You die...

#..# ..... #..#####
......
##....#.###.........
#...................
#..................
##..................
.#.##..................$
.......@S.†.............
........S...........$...
.#.##P..................
##.?................
#...######.........
#...#. .......... #....#
##......... ...D.
.......... ..........


You could see a seven-headed hydra, a guardian serpent and a black mamba.

Vanquished Creatures
  Maud (D:10)
  2 ice dragons (IceCv)
  Erolcha (D:8)
  Urug (D:10)
  2 hill giants (D:10)
  2 griffons
  3 elephants (Lair:2)
  An ice statue (IceCv)
  6 spiny frogs
  A komodo dragon (Lair:2)
  A troll (D:9)
  6 blink frogs
  Sigmund (D:3)
  A trapdoor spider (D:10)
  11 yaks
  Menkaure (D:7)
  5 hippogriffs
  9 wolves (Lair:3)
  4 water moccasins
  7 porcupines
  The ghost of baaltosaur the Cudgeler, an amateur TrBe of Trog (D:3)
  2 orc warriors
  23 ice beasts
  8 ogres
  A sky beast (D:9)
  5 centaurs
  2 big kobolds
  9 giant frogs
  A gnoll sergeant (D:7)
  6 crocodiles
  2 scorpions
  A water moccasin skeleton (D:6)
  A water moccasin zombie (D:6)
  8 killer bees
  A troll skeleton (D:10)
  A spriggan skeleton (D:10)
  5 crimson imps
  3 jellies
  6 hounds
  Crazy Yiuf (D:3)
  2 giant frog skeletons
  3 iguanas
  5 centaur skeletons (D:10)
  7 orc priests
  8 worker ants
  9 orc wizards
  Natasha (thrice) (D:3)
  A hound skeleton (D:4)
  7 adders
  10 gnolls
  13 river rats
  3 shadow imps
  2 oozes (D:2)
  An adder skeleton (D:7)
  3 worms
  37 orcs
  6 bats
  5 giant cockroaches
  7 hobgoblins
  10 jackals
  2 quokkas
  6 giant geckos
  5 giant newts
  9 goblins
  A jackal skeleton (D:6)
  17 kobolds
  3 rats (D:1)
  A fungus (D:3)
  A plant (D:10)
340 creatures vanquished.

Vanquished Creatures (others)
  2 fungi (Lair:3)
2 creatures vanquished.

Grand Total: 342 creatures vanquished

Notes
Turn   | Place    | Note
--------------------------------------------------------------
     0 | D:1      | xeno23 the Demigod Air Elementalist began the quest for the Orb.
     0 | D:1      | Reached XP level 1. HP: 14/14 MP: 5/5
   181 | D:1      | Reached skill level 1 in Conjurations
   316 | D:1      | Reached XP level 2. HP: 18/20 MP: 0/7
   346 | D:1      | Learned a level 2 spell: Repel Missiles
   651 | D:2      | Reached skill level 3 in Air Magic
   729 | D:2      | Reached XP level 3. HP: 23/27 MP: 0/8
   767 | D:2      | Reached skill level 1 in Armour
   987 | D:2      | Reached skill level 1 in Fighting
  1292 | D:2      | Reached XP level 4. HP: 28/35 MP: 3/9
  1371 | D:2      | Learned a level 2 spell: Swiftness
  1438 | D:3      | Noticed Natasha
  1450 | D:3      | Killed Natasha
  1499 | D:3      | Found a sacrificial altar of Ru.
  1605 | D:3      | Noticed Natasha
  1611 | D:3      | Killed Natasha
  1624 | D:3      | Noticed Natasha
  1635 | D:3      | Killed Natasha
  1658 | D:3      | Noticed baaltosaur's ghost (amateur TrBe)
  1708 | D:4      | Found Aniovvy's Magic Scroll Boutique.
  2417 | D:4      | Found a radiant altar of Vehumet.
  2510 | D:4      | Reached XP level 5. HP: 25/40 MP: 7/11
  2699 | D:4      | Noticed an ogre
  2720 | D:4      | Killed an ogre
  2720 | D:4      | Reached skill level 4 in Air Magic
  2720 | D:4      | Reached XP level 6. HP: 23/48 MP: 8/13
  2860 | D:4      | Bought a scroll of teleportation for 36 gold pieces
  2860 | D:4      | Bought a scroll of blinking for 90 gold pieces
  2869 | D:4      | Bought a scroll of identify for 24 gold pieces
  2872 | D:4      | Gained mutation: Your spells are a little harder to cast, but a little more powerful. [potion of mutation]
  2872 | D:4      | Gained mutation: You have large cloven feet. [potion of mutation]
  2872 | D:4      | Gained mutation: You are occasionally teleported to nearby monsters. [potion of mutation]
  2877 | D:4      | Learned a level 3 spell: Static Discharge
  3055 | D:4      | Noticed an ogre
  3081 | D:4      | Killed an ogre
  3588 | D:3      | Killed baaltosaur's ghost
  3588 | D:3      | Reached XP level 7. HP: 42/56 MP: 6/14
  3615 | D:3      | Found an iron altar of Okawaru.
  3675 | D:3      | Noticed Sigmund
  3691 | D:3      | Killed Sigmund
  3858 | D:3      | Noticed Crazy Yiuf
  3861 | D:3      | Killed Crazy Yiuf
  3922 | D:5      | Entered Level 5 of the Dungeon
  3994 | D:5      | Reached skill level 5 in Air Magic
  4098 | D:5      | Noticed septik's ghost (novice GrFi)
  4350 | D:5      | Found a basalt altar of Yredelemnul.
  4350 | D:5      | Found an opulent altar of Gozag.
  4397 | D:6      | Reached XP level 8. HP: 63/63 MP: 12/16
  4570 | D:6      | Learned a level 5 spell: Lightning Bolt
  4946 | D:6      | Reached skill level 6 in Air Magic
  5436 | D:5      | Found an ancient bone altar of Kikubaaqudgha.
  5504 | D:5      | Found a staircase to the Ecumenical Temple.
  5512 | Temple   | Entered the Ecumenical Temple
  6011 | D:7      | Reached skill level 1 in Long Blades
  6024 | D:7      | Noticed Menkaure
  6029 | D:7      | Killed Menkaure
  6519 | D:7      | Reached skill level 1 in Charms
  6569 | D:7      | Reached skill level 5 in Conjurations
  6707 | D:7      | Reached XP level 9. HP: 52/71 MP: 18/18
  6871 | D:7      | Found a stormy altar of Qazlal.
  7327 | D:8      | Noticed Erolcha
  8095 | D:8      | Found a shimmering altar of Xom.
  8096 | D:8      | Found a burning altar of Makhleb.
  8326 | D:8      | Killed Erolcha
  8546 | D:9      | Reached skill level 5 in Dodging
  8552 | D:9      | Reached skill level 7 in Air Magic
  8555 | D:9      | Reached XP level 10. HP: 51/80 MP: 13/19
  8944 | D:10     | Entered Level 10 of the Dungeon
  8994 | D:9      | Reached skill level 5 in Fighting
  9219 | D:10     | Found a staircase to the Lair.
  9228 | D:10     | Noticed a hill giant
  9274 | D:10     | Killed a hill giant
  9892 | D:10     | Noticed a hill giant
  9929 | D:10     | Killed a hill giant
  9929 | D:10     | Reached skill level 5 in Armour
  9981 | D:10     | Noticed Maud
 10006 | D:10     | Killed Maud
 10006 | D:10     | Reached skill level 5 in Long Blades
 10197 | D:10     | Noticed Urug
 10212 | D:10     | Killed Urug
 10212 | D:10     | Reached skill level 8 in Air Magic
 10584 | Lair:1   | Entered Level 1 of the Lair of Beasts
 10594 | Lair:1   | Reached XP level 11. HP: 81/88 MP: 19/20
 11535 | Lair:2   | Found a frozen archway.
 12190 | IceCv    | Entered an ice cave
 12689 | IceCv    | Noticed an ice dragon
 12689 | IceCv    | Noticed an ice dragon
 13029 | IceCv    | Killed an ice dragon
 13063 | IceCv    | Killed an ice dragon
 13063 | IceCv    | Reached skill level 9 in Air Magic
 13083 | IceCv    | Got a sparkling amber ring
 13086 | IceCv    | Identified the ring of Xixiph {-Tele +Inv rPois Dex-4 SInv} (You found it in an ice cave)
 15196 | Lair:3   | Reached XP level 12. HP: 50/96 MP: 2/21
 15531 | Lair:3   | Reached skill level 10 in Air Magic
 15819 | Lair:3   | Reached skill level 10 in Conjurations
 16534 | Lair:4   | Noticed a seven-headed hydra
 16614 | Lair:4   | HP: 1/96 [guardian serpent (7)]
 16615 | Lair:4   | Slain by a black mamba

Action                   |  1- 3 |  4- 6 |  7- 9 | 10-12 || total
-------------------------+-------+-------+-------+-------++-------
Melee: Unarmed           |     2 |       |       |       ||     2
       Short sword       |    35 |    24 |    59 |    13 ||   131
       Dagger            |    11 |    33 |       |       ||    44
       Long sword        |       |       |    94 |   235 ||   329
 Fire: Blowgun           |       |    22 |    47 |    64 ||   133
 Cast: Shock             |    81 |   107 |   212 |   297 ||   697
       Repel Missiles    |     1 |       |     4 |     2 ||     7
       Swiftness         |       |     2 |     2 |     3 ||     7
       Static Discharge  |       |     1 |    11 |    86 ||    98
       Lightning Bolt    |       |       |       |    22 ||    22
Evoke: Wand              |       |       |       |     8 ||     8
  Use: Scroll            |       |     7 |    10 |     6 ||    23
       Potion            |       |     1 |     1 |     8 ||    10
 Stab: Sleeping          |       |     1 |     1 |     1 ||     3
  Eat: Chunk             |     2 |     8 |    17 |    20 ||    47
       Royal jelly       |       |       |       |     5 ||     5
       Fruit             |       |       |       |     1 ||     1
       Pizza             |       |       |       |     1 ||     1
       Beef jerky        |       |       |       |     1 ||     1
       Bread ration      |       |       |       |     1 ||     1
